 Dungeon Crawl Stone Soup version 0.18.1-6-gd335043 (webtiles) character file.

106 shmeve the Cudgeler (level 4, 45/45 HPs)
             Began as a Troll Berserker on May 16, 2016.
             Was a Believer of Trog.
             Quit the game on level 3 of the Dungeon.
             The game lasted 00:05:15 (1947 turns).

shmeve the Cudgeler (Troll Berserker)               Turns: 1947, Time: 00:05:15

Health: 45/45      AC:  5    Str: 26    XL:     4   Next: 55%
Magic:  3/3        EV: 10    Int:  3    God:    Trog [**....]
Gold:   73         SH:  0    Dex:  9    Spells: 0 memorised, 3 levels left

rFire  . . .     SeeInvis .     a - +0 mace
rCold  . . .     Gourm    +     b - +0 animal skin
rNeg   . . .     Faith    .     (no shield)
rPois  .         Spirit   .     (helmet restricted)
rElec  .         Dismiss  .     (no cloak)
rCorr  .         Reflect  .     (gloves unavailable)
SustAt .         Harm     .     (boots unavailable)
MR     .....                    (no amulet)
Stlth  +.........               (no ring)
                                (no ring)

@: not resistant to hostile enchantments, very unstealthy
A: unfitting armour, claws 3, fast metabolism 3, gourmand, regeneration 2,
shaggy fur 1, tough skin 2
a: Berserk, Trog's Hand, Burn Spellbooks, Renounce Religion


You were on level 3 of the Dungeon.
You worshipped Trog.
Trog was pleased with you.
You were not hungry.

You visited 1 branch of the dungeon, and saw 3 of its levels.

You collected 73 gold pieces.

Inventory:

Hand Weapons
 a - a +0 mace (weapon)
Armour
 b - a +0 animal skin (worn)
Wands
 s - a wand of teleportation (4/9)
Scrolls
 f - 2 scrolls of identify {unknown}
 h - a scroll of random uselessness {unknown}
 i - a scroll of blinking {unknown}
 k - a scroll of noise {unknown}
 l - 2 scrolls of remove curse {unknown}
 o - a scroll of enchant weapon {unknown}
 q - a scroll of enchant armour {unknown}
Potions
 d - 2 potions of lignification {unknown}
 e - 4 potions of curing {unknown}
 j - 2 potions of flight {unknown}
 m - a potion of berserk rage {unknown}
 p - a potion of magic {unknown}
 r - a potion of agility {unknown}
Comestibles
 c - 3 bread rations
 g - 4 beef jerkies
 n - a royal jelly


   Skills:
 * Level 3.1 Fighting
 * Level 3.6 Maces & Flails
 + Level 1.2 Throwing
 + Level 2.8 Dodging


You had 3 spell levels left.
You didn't know any spells.

Dungeon Overview and Level Annotations

Branches:
Dungeon (3/15)

Altars:
Zin

Shops:
D:2 *


Innate Abilities, Weirdness & Mutations

You are too large for most types of armour.
You have claws for hands.
Your metabolism is lightning-fast.
You like to eat raw meat.
You heal very quickly.
You are covered in fur (AC +1).
You have very tough skin (AC +2).


Message History

You hit the goblin.
You kill the goblin!
Trog accepts your kill.
You see here a club.
o - a scroll labeled CUZXEU PIUQ You see here a club.
A kobold comes into view.
The kobold shouts!
The kobold throws a stone.
The stone hits you but does no damage.
You see here a stone.
A kobold is nearby!
The kobold throws a stone.
The stone completely misses you.
The kobold throws a stone.
The stone closely misses you.
You see here a stone.
You hit the kobold.
You kill the kobold!
Trog accepts your kill.
Things that are here:
13 stones; a kobold corpse Are you sure you want to abandon this character and quit the game? (Confirm with "yes".)

#######++###############
≈≈≈≈≈≈.....≈≈≈≈≈≈≈≈≈≈≈≈≈
≈≈≈≈≈≈.@..≈≈≈≈≈≈≈≈≈≈≈≈≈≈
≈≈≈≈≈≈..(.≈≈≈≈≈≈≈≈≈≈≈≈≈≈
...≈.≈.....≈≈≈.≈≈≈≈≈..≈≈
........................
...........(.(..........
..#################.###.
. ########......###.
.......'.......>##
#.######.....##.#.


There were no monsters in sight!

Vanquished Creatures
  3 adders (D:2)
  2 oozes
  2 worms
  A dart slug (D:1)
  2 giant geckos
  An orc (D:3)
  6 bats
  4 giant cockroaches
  9 goblins
  11 hobgoblins
  A quokka (D:3)
  3 giant newts
  5 kobolds
  5 rats
55 creatures vanquished.

Notes
Turn   | Place    | Note
--------------------------------------------------------------
     0 | D:1      | shmeve the Troll Berserker began the quest for the Orb.
     0 | D:1      | Reached XP level 1. HP: 22/22 MP: 0/0
    93 | D:1      | Reached XP level 2. HP: 29/29 MP: 1/1
   443 | D:1      | Reached XP level 3. HP: 35/36 MP: 2/2
   454 | D:1      | Reached ** piety under Trog
   917 | D:2      | Reached skill level 1 in Throwing
  1220 | D:2      | Found Zin's Purification Station.
  1224 | D:2      | Reached XP level 4. HP: 34/45 MP: 3/3
  1227 | D:2      | Found a glowing silver altar of Zin.
  1947 | D:3      | Quit the game

Skill      XL: |  1  2  3 |
---------------+----------+-----
Maces & Flails | 3 |  3.6
Throwing       | 1 |  1.2
Fighting       | 3 |  3.1
Dodging        | |  2.8

Action                   |  1- 3 |  4- 6 || total
-------------------------+-------+-------++-------
Melee: Mace              |   123 |    63 ||   186
  Eat: Chunk             |    16 |     2 ||    18
Armor: Animal skin       |    67 |    33 ||   100
Dodge: Dodged            |   104 |    39 ||   143
